 Dungeon Crawl Stone Soup version 0.26-a0-712-ga5a9c9c9d0 (webtiles) character file.

Game seed: 3500547113516003920

(classic levelgen) 42345 EnegeticOcto the Cleaver (level 13, 0/121 HPs)
             Began as a Deep Dwarf Fighter on Nov 4, 2020.
             Was an Elder of Makhleb.
             Slain by an ice beast (8 damage)
             ... on level 2 of the Lair of Beasts.
             The game lasted 00:09:20 (11517 turns).

EnegeticOcto the Cleaver (Deep Dwarf Fighter)      Turns: 11517, Time: 00:09:21

Health: 0/121      AC: 31    Str: 23    XL:     13   Next: 84%
Magic:  0/0        EV:  7    Int: 11    God:    Makhleb [****..]
Gold:   786        SH: 13    Dex: 12    Spells: 12/12 levels left

rFire    . . .     SeeInvis .   a - +4 broad axe
rCold    . . .     Faith    .   c - +1 kite shield
rNeg     . . .     Spirit   .   C - +1 chain mail {rPois}
rPois    +         Reflect  .   g - +0 helmet
rElec    .         Harm     .   s - +2 cloak {MR+}
rCorr    .         Rampage  .   e - +2 pair of gloves
MR       ++...                  z - +0 pair of boots
Stlth    ..........             (no amulet)
HPRegen  0.00/turn              t - +4 ring of protection
MPRegen  0.07/turn              b - +4 ring of protection

@: non-regenerating
A: damage resistance, heal wounds, sense surroundings 2, no regeneration
a: Heal Wounds, Minor Destruction, Lesser Servant of Makhleb, Major Destruction,
Renounce Religion


You were on level 2 of the Lair of Beasts.
You worshipped Makhleb.
Makhleb was greatly pleased with you.
You visited 3 branches of the dungeon, and saw 18 of its levels.
You visited the Abyss 1 time.

You collected 972 gold pieces.
You spent 186 gold pieces at shops.

Inventory:

Hand Weapons
 a - a +4 broad axe (weapon)
 P - a +3 short sword of distortion
Missiles
 N - a throwing net (quivered)
Armour
 c - a +1 kite shield (worn)
 e - a +2 pair of gloves (worn)
 g - a +0 helmet (worn)
 s - a +2 cloak of magic resistance (worn)
 z - a +0 pair of boots (worn)
 C - a +1 chain mail of poison resistance (worn)
Jewellery
 b - a +4 ring of protection (right hand)
 m - the ring of the Echidna {Fire rPois Stlth+}
   (You bought it in a shop on level 8 of the Dungeon)

   [ring of fire]

   It enhances your fire magic.
   It protects you from fire.
   It makes you vulnerable to cold.
   It protects you from poison.
   It makes you more stealthy.
 p - the ring of the Good {rC+ MR+ Stlth-}
   (You found it on level 5 of the Dungeon)

   [ring of attention]

   It protects you from cold.
   It affects your resistance to hostile enchantments.
   It makes you less stealthy.
 t - a +4 ring of protection (left hand)
 K - a +6 ring of intelligence {unknown}
 L - a cursed -4 ring of strength {unknown}
Wands
 v - a wand of polymorph (21)
 w - a wand of digging (4) {@v3}
 F - a wand of acid (1) {@v1}
Scrolls
 n - a scroll of teleportation {@r3}
 x - 2 scrolls of blinking
 H - 2 scrolls of magic mapping {@r5}
 O - 2 scrolls of remove curse {@r2}
Potions
 d - 3 potions of might {@q3}
 f - 12 potions of curing {@q1}
 h - 5 potions of heal wounds {@q2}
 i - 3 potions of degeneration
 j - a potion of berserk rage
 k - 3 potions of ambrosia
 l - a potion of cancellation
 o - a potion of magic {unknown}
 q - 4 potions of lignification
 r - 2 potions of resistance {@q5}
 A - a potion of haste {unknown}
 B - 2 potions of brilliance
 D - a potion of mutation {unknown}
 E - 2 potions of invisibility {unknown}
 I - 2 potions of stabbing
 J - a potion of flight {unknown}


   Skills:
 + Level 9.4 Fighting
 * Level 14.5 Axes
 + Level 11.2 Armour
 + Level 11.2 Shields
 * Level 14.0 Invocations


You had 12 spell levels left.
You didn't know any spells.
Your spell library was empty.

Dungeon Overview and Level Annotations

Branches:
Dungeon (15/15)            Temple (1/1) D:7            Lair (2/6) D:9
 Spider (0/4) Lair:2       Vaults (0/5) D:14         Depths (0/5) D:15
  Swamp: Lair:2-4    Shoals: Lair:2-4       Orc: D:9-12

Altars:
Ashenzari
Cheibriados
Dithmenos
Elyvilon
Fedhas
Gozag
Hepliaklqana
Kikubaaqudgha
Makhleb
Nemelex Xobeh
Okawaru
Qazlal
Ru
Sif Muna
Trog
Uskayaw
Vehumet
Wu Jian
Xom
Yredelemnul
Zin
The Shining One

Shops:
D:8 *


Innate Abilities, Weirdness & Mutations

You are resistant to damage.
You can heal yourself by infusing magical energy.
You passively map the area around you.
You do not regenerate.


Message History

The ice beast hits you but does no damage. x2
Your orange demon stings the ice beast from afar.
The ice beast hits you but does no damage.
The ice beast barely misses you. You block the ice beast's attack.
Your orange demon stings the ice beast from afar.
You block the ice beast's attack. The ice beast hits you.
The ice beast freezes you!
* * * LOW HITPOINT WARNING * * *
The ice beast hits you but does no damage.
Your orange demon barely misses the ice beast.
The ice beast hits you but does no damage.
You block the ice beast's attack.
The ice beast hits you but does no damage.
Your orange demon stings the ice beast from afar.
You block the ice beast's attack. x2
The ice beast hits you but does no damage.
Your orange demon stings the ice beast but does no damage.
You block the ice beast's attack.
The ice beast hits you but does no damage.
The ice beast barely misses you.
Your orange demon stings the ice beast but does no damage.
You block the ice beast's attack.
The ice beast hits you but does no damage.
You block the ice beast's attack.
Your orange demon barely misses the ice beast.
You block the ice beast's attack. x2; The ice beast barely misses you.
Your orange demon barely misses the ice beast.
The ice beast hits you but does no damage.
The ice beast completely misses you.
The ice beast hits you but does no damage.
Your orange demon stings the ice beast from afar.
You block the ice beast's attack.
The ice beast hits you but does no damage. x2
Your orange demon stings the ice beast from afar!
The ice beast dies!
Makhleb accepts your kill.
The ice beast hits you but does no damage.
You block the ice beast's attack.
Your orange demon stings the ice beast from afar.
The ice beast hits you but does no damage.
The ice beast barely misses you.
Your orange demon barely misses the ice beast.
The ice beast hits you but does no damage. x2
Your orange demon stings the ice beast from afar.
Unknown command.
Unknown command.
Unknown command.
You block the ice beast's attack. x2
Your orange demon barely misses the ice beast.
The ice beast hits you.
* * * LOW HITPOINT WARNING * * *
The ice beast freezes you!
* * * LOW HITPOINT WARNING * * *
The ice beast hits you but does no damage.
Your orange demon closely misses the ice beast.
You block the ice beast's attack.
The ice beast hits you but does no damage.
Your orange demon stings the ice beast from afar.
The ice beast looks as sick as possible!
Your orange demon poisons the ice beast!
The ice beast barely misses you. You block the ice beast's attack.
Your orange demon stings the ice beast from afar.
The ice beast looks as sick as possible!
Your orange demon poisons the ice beast!
The ice beast hits you but does no damage. x2
Your orange demon closely misses the ice beast.
The ice beast hits you but does no damage.
You block the ice beast's attack.
Your orange demon stings the ice beast but does no damage.
You block the ice beast's attack.
Your orange demon stings the ice beast!
The ice beast dies!
Makhleb accepts your kill. You block the ice beast's attack.
Your orange demon barely misses the ice beast.
The ice beast hits you but does no damage.
Your orange demon closely misses the ice beast.
You block the ice beast's attack.
Your orange demon stings the ice beast from afar!
You block the ice beast's attack.
Your orange demon stings the ice beast from afar.
Your orange demon stings the ice beast.
Your orange demon hits the ice beast.
The ice beast hits your orange demon.
The ice beast freezes your orange demon!
Your orange demon stings the ice beast.
The ice beast dies!
Makhleb accepts your kill.
Your orange demon disappears in a puff of smoke!
An ice beast comes into view.
The ice beast barely misses you.
The ice beast hits you but does no damage.
Found a war axe.
You block the ice beast's attack.
The ice beast hits you but does no damage.
The ice beast hits you but does no damage.
You block the ice beast's attack.
The ice beast hits you but does no damage.
The ice beast hits you.
* * * LOW HITPOINT WARNING * * *
The ice beast freezes you!
You die...

#.P...#...#..#.##### ###
#.....##.#.####.##.#####
.....##..### #.........#####
P.>.......######.........#.#
....#...#..P## ####.#P#...####
...P###......###########.....####
..P..#.....####..## #P.........
#.P.##.......†....########....##.
#.###.#..#.##...@....PP# #.#.####
.## ###..######..Y......,##### #
## #.##* #P..#...... .## ##*
######..... * #.## ..... , ##.###
,,..##, * ##..## ** , ,.# ,*
#...# , .) ,* ###..## ,,,, ,,


You could see an ice beast.

Vanquished Creatures
  A frost giant (D:15)
  An ironheart preserver (D:14)
  5 boulder beetles (D:13)
  Harold (Lair:2)
  2 hydras (Lair:2)
  4 centaur warriors
  A death knight (D:13)
  Nergalle (D:12)
  2 unseen horrors
  A deep elf mage (D:13)
  2 large abominations (Abyss:1)
  5 ugly things
  5 cyclopes
  Joseph (D:7)
  Psyche (D:9)
  Maggie (D:7)
  2 cane toads
  4 komodo dragons
  A freezing wraith (D:13)
  2 rime drakes (Lair:2)
  A kobold demonologist (D:13)
  2 yaktaurs
  2 trolls
  2 tengu conjurers (D:13)
  3 slime creatures (D:13)
  A fire giant simulacrum (Abyss:1)
  10 blink frogs (Lair:2)
  A harpy skeleton (D:15)
  3 wyverns
  3 wraiths
  19 yaks
  3 shadows
  A ynoxinul (Abyss:1)
  2 basilisks (Lair:2)
  A steam dragon (D:13)
  Menkaure (D:5)
  4 vampire mosquitoes
  2 acid dragons (D:13)
  A soldier ant (shapeshifter) (D:13)
  7 water moccasins
  A soldier ant (D:12)
  4 sky beasts
  9 orc warriors
  2 black bears
  An eye of draining (D:13)
  An ice beast (Lair:2)
  3 phantoms
  2 ogres
  20 centaurs
  A big kobold (D:12)
  3 wyvern zombies
  19 bullfrogs
  7 scorpions
  2 wyvern skeletons
  9 killer bees
  6 wights
  An electric eel (D:10)
  2 howler monkeys
  3 bullfrog skeletons
  3 hounds
  A quasit (D:7)
  2 bullfrog zombies
  4 jellies
  Crazy Yiuf (D:5)
  A gnoll shaman (D:5)
  7 orc priests
  7 orc wizards
  2 centaur skeletons
  3 iguanas
  16 worker ants
  A howler monkey zombie (D:6)
  A worker ant zombie (D:8)
  4 gnolls
  13 adders
  A howler monkey skeleton (D:4)
  3 white imps
  2 ufetubi
  2 oozes (D:5)
  An adder skeleton (D:9)
  3 worms
  2 dart slugs (D:4)
  4 leopard geckos
  39 orcs
  A giant cockroach (D:6)
  A hobgoblin (D:3)
  6 jackals (D:3)
  3 quokkas
  A ball python (D:2)
  2 bats (D:2)
  A frilled lizard (D:4)
  6 goblins
  A jackal zombie (D:4)
  7 kobolds
  A leopard gecko zombie (D:6)
  2 rats
363 creatures vanquished.

Vanquished Creatures (collateral kills)
  Rupert (D:13)
  A hydra (Lair:2)
  2 slime creatures (D:13)
  5 ice beasts (Lair:2)
9 creatures vanquished.

Vanquished Creatures (others)
  21 fungi
  33 plants
54 creatures vanquished.

Grand Total: 426 creatures vanquished

Notes
Turn   | Place    | Note
-------+----------+-------------------------------------------
     0 | D:1      | EnegeticOcto the Deep Dwarf Fighter began the quest for the
                  | Orb.
     0 | D:1      | Reached XP level 1. HP: 20/20 MP: 1/1
   117 | D:2      | Reached XP level 2. HP: 24/27 MP: 2/2
   236 | D:2      | Reached XP level 3. HP: 20/34 MP: 3/3
   451 | D:3      | Found a blossoming altar of Fedhas.
   497 | D:4      | Reached XP level 4. HP: 31/42 MP: 3/3
   585 | D:4      | Reached XP level 5. HP: 40/49 MP: 4/4
   607 | D:4      | Noticed a phantom
   636 | D:4      | Killed a phantom
   889 | D:4      | Reached XP level 6. HP: 56/56 MP: 4/4
   999 | D:5      | Entered Level 5 of the Dungeon
  1074 | D:5      | Reached skill level 5 in Axes
  1148 | D:5      | Reached XP level 7. HP: 38/64 MP: 4/4
  1230 | D:5      | Noticed Menkaure
  1236 | D:5      | Killed Menkaure
  1236 | D:5      | Reached skill level 5 in Armour
  1236 | D:5      | Reached skill level 5 in Shields
  1307 | D:5      | Got an ancient tin ring
  1456 | D:5      | Found a sparkling altar of Nemelex Xobeh.
  1857 | D:5      | Found a runed translucent door.
  1858 | D:5      | Noticed Crazy Yiuf
  2217 | D:5      | Killed Crazy Yiuf
  2226 | D:5      | Identified the ring of the Good {rC+ MR+ Stlth-} (You found
                  | it on level 5 of the Dungeon)
  2309 | D:6      | Found an ancient bone altar of Kikubaaqudgha.
  2346 | D:6      | Found a sacrificial altar of Ru.
  2362 | D:6      | Found a broken altar of Ashenzari.
  2379 | D:6      | Found a basalt altar of Yredelemnul.
  2414 | D:6      | Reached XP level 8. HP: 61/73 MP: 5/5
  2651 | D:6      | Reached skill level 5 in Fighting
  3030 | D:7      | Noticed Joseph
  3091 | D:7      | Killed Joseph
  3091 | D:7      | Gained mutation: You passively map the area around you.
                  | [Deep Dwarf growth]
  3091 | D:7      | Reached XP level 9. HP: 50/81 MP: 4/4
  3385 | D:7      | Noticed Maggie
  3420 | D:7      | Killed Maggie
  3656 | D:7      | Found a staircase to the Ecumenical Temple.
  3744 | Temple   | Entered the Ecumenical Temple
  3962 | Temple   | Became a worshipper of Makhleb the Destroyer
  4157 | D:8      | Found Liczojos's Assorted Antiques.
  4170 | D:8      | Bought an ancient tin ring for 155 gold pieces
  4170 | D:8      | Bought a scroll labeled TULISKEIDO for 31 gold pieces
  4172 | D:8      | Identified the ring of the Echidna {Fire rPois Stlth+} (You
                  | bought it in a shop on level 8 of the Dungeon)
  4346 | D:8      | Reached skill level 1 in Invocations
  5213 | D:9      | Noticed Psyche
  5224 | D:9      | Paralysed by Psyche for 4 turns
  5225 | D:9      | Cast into level 1 of the Abyss (Psyche)
  5231 | Abyss:1  | Found an ancient bone altar of Kikubaaqudgha.
  5260 | Abyss:1  | Noticed a large abomination
  5272 | Abyss:1  | Killed a large abomination
  5272 | Abyss:1  | Reached skill level 10 in Axes
  5272 | Abyss:1  | Reached XP level 10. HP: 42/92 MP: 6/6
  5296 | Abyss:1  | Got a scintillating golden amulet
  5302 | Abyss:1  | Noticed a tentacled monstrosity
  5341 | Abyss:1  | Reached * piety under Makhleb
  5341 | Abyss:1  | Reached skill level 5 in Invocations
  5410 | D:9      | Escaped the Abyss
  5421 | D:9      | Paralysed by Psyche for 7 turns
  5434 | D:9      | Killed Psyche
  5898 | D:9      | Found a staircase to the Lair.
  5908 | D:9      | Reached ** piety under Makhleb
  6059 | D:9      | Identified the amulet "Gimuer" {Inacc Str+2 Dex+3} (You
                  | found it on level 1 of the Abyss)
  6108 | D:10     | Entered Level 10 of the Dungeon
  6305 | D:11     | Noticed a red ugly thing
  6324 | D:11     | Killed a red ugly thing
  6324 | D:11     | Reached XP level 11. HP: 57/100 MP: 8/8
  6536 | D:11     | Reached *** piety under Makhleb
  6905 | D:11     | Killed an unseen horror
  7213 | D:12     | Noticed a centaur warrior
  7233 | D:12     | Killed a centaur warrior
  7615 | D:12     | Noticed a cyan ugly thing
  7628 | D:12     | Killed a cyan ugly thing
  7692 | D:12     | Noticed Nergalle
  7727 | D:12     | Killed Nergalle
  8155 | D:13     | Noticed a cyan ugly thing
  8177 | D:13     | Killed a cyan ugly thing
  8213 | D:13     | Noticed a cyan ugly thing
  8213 | D:13     | Noticed a boulder beetle
  8214 | D:13     | Noticed a death knight
  8224 | D:13     | Identified the +10 spear "Qonkupiu" {vorpal, *Contam +Fly
                  | Str+2}
  8245 | D:13     | Killed a death knight
  8245 | D:13     | Reached skill level 10 in Invocations
  8269 | D:13     | Killed a cyan ugly thing
  8272 | D:13     | Noticed a centaur warrior
  8301 | D:13     | Killed a boulder beetle
  8307 | D:13     | Killed a centaur warrior
  8307 | D:13     | Reached XP level 12. HP: 68/110 MP: 9/9
  8315 | D:13     | Reached **** piety under Makhleb
  8370 | D:13     | Noticed a boulder beetle
  8430 | D:13     | Killed a boulder beetle
  8664 | D:13     | Noticed a boulder beetle
  8695 | D:13     | Killed a boulder beetle
  8695 | D:13     | Reached skill level 10 in Shields
  8782 | D:13     | Reached skill level 10 in Armour
  8789 | D:13     | Noticed a boulder beetle
  8791 | D:13     | Noticed a boulder beetle
  8835 | D:13     | Killed a boulder beetle
  8841 | D:13     | Killed a boulder beetle
  8915 | D:13     | Noticed Rupert
  8948 | D:13     | Killed Rupert
  9131 | D:13     | Identified the Papyrus of Toxins and Calling
  9513 | D:14     | Found a gate to the Vaults.
  9513 | D:14     | Noticed an ironheart preserver
  9529 | D:14     | Noticed a centaur warrior
  9539 | D:14     | Killed a centaur warrior
  9539 | D:14     | Reached XP level 13. HP: 118/118 MP: 6/6
  9556 | D:15     | Entered Level 15 of the Dungeon
  9902 | D:15     | Found a staircase to the Depths.
  9902 | D:15     | Noticed a frost giant
  9927 | D:15     | Killed a frost giant
 10069 | D:14     | Killed an ironheart preserver
 10276 | Lair:1   | Entered Level 1 of the Lair of Beasts
 10700 | Lair:2   | Noticed Harold
 10720 | Lair:2   | Killed Harold
 10741 | Lair:2   | Noticed Sonja
 10770 | Lair:2   | Reached ***** piety under Makhleb
 10866 | Lair:2   | Found a hole to the Spider Nest.
 10884 | Lair:2   | Noticed Sonja
 10884 | Lair:2   | Sonja changed into Sonja the wyvern
 10898 | Lair:2   | Killed Sonja the wyvern
 11517 | Lair:2   | Slain by an ice beast

Illustrated notes

Levels and vault maps discovered:
D:1:      minmay_arrival_widening_spiral_wide, layout_basic
D:2:      layout_basic
D:3:      layout_loops_ring, gammafunk_ghost_grave, fedhas_altar_fruit_tree
D:4:      minmay_angry_zag, layout_rooms
D:5:      layout_layer_cave, nemelex_dance_club_becter, uniq_crazy_yiuf_cottage,
          uniq_menkaure
D:6:      layout_basic, nicolae_overflow_quartered_altars, st_stairs_4,
          corner_web_ring, minmay_quadrilaterals
D:7:      layout_cave_pods, temple_green, uniq_joseph, uniq_maggie
D:8:      layout_gridville, serial_shops, shop
D:9:      layout_long_grid, grunt_lair_entry_orc_guard_hut, uniq_psyche
D:10:     kennysheep_town, uniq_josephine
D:11:     layout_cave_pods
D:12:     layout_loops_corners, gauntlet_entry_generic, st_stairs_14,
          uniq_nergalle
D:13:     minmay_the_grid_octo_tiled_squarecenter [minmay_the_grid_octo_empty,
          minmay_the_grid_octo_vomiting_pacman, minmay_the_grid_octo_horde,
          minmay_the_grid_octo_checkered,
          minmay_the_grid_square_5x5_megaprize_diamond,
          minmay_the_grid_square_5x5_inner_z, minmay_the_grid_square_5x5_n,
          minmay_the_grid_square_5x5_two, minmay_the_grid_square_5x5_corner],
          layout_loops_ring, uniq_rupert
D:14:     layout_loops_corners, skrybe_vaults_entry_preservation, serial_rivers,
          chequers_serial_rivers_marsh, chequers_serial_rivers_room_b,
          chequers_serial_rivers_large_b, chequers_serial_rivers_room_a,
          chequers_serial_rivers_micro_e, chequers_serial_rivers_micro_a
D:15:     grunt_enter_depths_snipers, layout_basic, minmay_misc_feat_rugged
Temple:   dpeg_five_rooms_temple
Lair:1:   layout_hall_layers, chequers_serial_rivers_small_a,
          chequers_serial_rivers_micro_d, minmay_lair_oklob_chamber,
          lemuel_fruit_fields
Lair:2:   layout_layer_cave, nicolae_spider_entry_orb_guardian,
          portal_ice_cave_entry_ice_beasts, chequers_serial_rivers_room_a,
          infiniplex_staircase_pool_2, uniq_harold, uniq_sonja

Skill      XL: |  1  2  3  4  5  6  7  8  9 10 11 12 13 |
---------------+----------------------------------------+-----
Fighting       | 3 4 5 6 7 8 9 |  9.4
Axes           | 3 4 5 6 8 10 11 12 13 14 | 14.5
Armour         | 4 5 6 7 8 9 10 11 | 11.2
Shields        | 4 5 6 7 8 9 10 11 | 11.2
Invocations    | 4 7 10 12 14 | 14.0

Action                   |  1- 3 |  4- 6 |  7- 9 | 10-12 | 13-15 || total
-------------------------+-------+-------+-------+-------+-------++-------
Melee: War axe           |   100 |   104 |   459 |   169 |       ||   832
       Broad axe         |       |       |       |   811 |   314 ||  1125
Invok: Lesser Servant of |       |       |       |     5 |     5 ||    10
 Abil: Heal Wounds       |     2 |     5 |    21 |    40 |    19 ||    87
Evoke: Wand              |       |       |       |     4 |    16 ||    20
  Use: Scroll            |       |       |    12 |    13 |     2 ||    27
 Stab: Distracted        |       |       |       |     2 |       ||     2
Armor: Scale mail        |    48 |     8 |       |       |       ||    56
       Chain mail        |       |    66 |   205 |   524 |   642 ||  1437
       Plate armour      |       |       |   115 |   255 |       ||   370
Dodge: Dodged            |    20 |    26 |    99 |   261 |   231 ||   637
Block: Kite shield       |    64 |    76 |   283 |   716 |   424 ||  1563

Table legend: (Time is in decaauts)
 A = Elapsed time spent in this place.
 B = Non-inter-level travel time spent in this place.
 C = Inter-level travel time spent in this place.
 D = Time resting spent in this place.
 E = Time spent auto-exploring this place.
 F = Levels seen in this place.
 G = Mean time per level.
                   A        B        C        D        E       F      G
               +--------+--------+--------+--------+--------+-----+--------+
         Total |  11795 |  10840 |    955 |      3 |   7215 |  19 |  620.8 |
       Dungeon |  10116 |   9268 |    848 |      3 |   6161 |  15 |  674.4 |
        Temple |    249 |    191 |     58 |      0 |    189 |   1 |  249.0 |
          Lair |   1241 |   1194 |     47 |      0 |    759 |   2 |  620.5 |
         Abyss |    187 |    187 |      0 |      0 |    106 |   1 |  187.0 |
               +--------+--------+--------+--------+--------+-----+--------+

Top non-repeatable levels by time:
     D:5: 1330 daAuts
    D:13: 1260 daAuts
  Lair:2: 1190 daAuts
    D:11: 1097 daAuts
     D:9: 1051 daAuts
    D:12: 995 daAuts
     D:7: 910 daAuts
     D:8: 780 daAuts
     D:6: 751 daAuts
     D:4: 542 daAuts
    D:15: 485 daAuts
    D:14: 290 daAuts
     D:3: 271 daAuts
  Temple: 249 daAuts
 Abyss:1: 187 daAuts
